 Dungeon Crawl Stone Soup version 0.27-a0-92-g39ad13b146 (webtiles) character file.

Game seed: 12579042764993316748

78 kae the Insei (level 4, -3/28 HPs)
             Began as a Tengu Monk on Jan 15, 2021.
             Slain by a gnoll
             ... wielding a +0 spear
              (7 damage)
             ... on level 2 of the Dungeon.
             The game lasted 00:00:31 (1422 turns).

kae the Insei (Tengu Monk)                          Turns: 1422, Time: 00:00:32

Health: -3/28      AC:  2    Str: 12    XL:     4   Next: 36%
Magic:  5/5        EV: 14    Int: 10    God:
Gold:   74         SH:  0    Dex: 17    Spells: 3/3 levels left

rFire    . . .     SeeInvis .     - Unarmed
rCold    . . .     Faith    .   (no shield)
rNeg     . . .     Spirit   .   a - +0 robe
rPois    .         Reflect  .   (helmet restricted)
rElec    .         Harm     .   (no cloak)
rCorr    .         Rampage  .   (no gloves)
Will     .....                  (boots unavailable)
Stlth    ++........             (no amulet)
HPRegen  0.09/turn              (no ring)
MPRegen  0.09/turn              (no ring)

@: no status effects
A: beak, talons 3
a: no special abilities


You were on level 2 of the Dungeon.
You visited 1 branch of the dungeon, and saw 2 of its levels.

You collected 74 gold pieces.

Inventory:

Armour
 a - a +0 robe (worn)
Scrolls
 b - a scroll of fog {unknown}
 c - a scroll of immolation {unknown}
 e - a scroll of fear {unknown}
 f - a scroll of enchant weapon {unknown}
Potions
 d - a potion of curing {unknown}
 g - a potion of attraction {unknown}
 h - 2 potions of berserk rage {unknown}


   Skills:
 + Level 3.4 Fighting
 + Level 1.6 Armour
 + Level 3.8 Dodging
 - Level 2.0 Stealth
 * Level 4.3 Unarmed Combat


You had 3 spell levels left.
You didn't know any spells.
Your spell library was empty.

Dungeon Overview and Level Annotations

Branches:
Dungeon (2/15)

Altars:
The Shining One


Innate Abilities, Weirdness & Mutations

You have a beak for a mouth.
You have claws for feet.


Message History

The gnoll hits you but does no damage. The gnoll completely misses you.
You see here a +0 halberd.
You hit the gnoll. Your peck misses the gnoll.
The gnoll is lightly wounded.
The gnoll hits you with a +0 spear.
You hit the gnoll but do no damage. Your kick misses the gnoll.
The gnoll is lightly wounded.
The gnoll closely misses you. The gnoll hits you with a +0 spear.
You are too injured to fight recklessly!
You are too injured to fight recklessly!
You barely miss the gnoll. You claw the gnoll! You punch the gnoll.
The gnoll is severely wounded.
The gnoll closely misses you. The gnoll hits you with a +0 spear!
* * * LOW HITPOINT WARNING * * *
You are too injured to fight recklessly!
You are too injured to fight recklessly!
You hit the gnoll.
You kill the gnoll!
The gnoll hits you from afar with a +0 spear!
You die...

##.....# #..## ##.#
.......# #.#.###.##
##.....#####.##>#.##
##..........###.##
##.##########...#
#.# #.#.# #.# #...#
##+## ##.## ##...##
#@# ##.....## #)#
#.......## #g#
.........# ..#
.........+ ...#
..)......# ....#
#.......## ##.###
##.....## #. ##...##
#.


You could see a gnoll.

Vanquished Creatures
  Natasha (D:2)
  2 gnolls (D:2)
  An adder (D:2)
  A leopard gecko (D:1)
  A ball python (D:2)
  3 bats
  A giant cockroach (D:1)
  5 hobgoblins (D:1)
  2 jackals (D:1)
  4 frilled lizards (D:1)
  4 goblins
  6 kobolds
  4 rats (D:1)
35 creatures vanquished.

Notes
Turn   | Place    | Note
-------+----------+-------------------------------------------
     0 | D:1      | kae the Tengu Monk began the quest for the Orb.
     0 | D:1      | Reached XP level 1. HP: 14/14 MP: 2/2
   396 | D:1      | Reached XP level 2. HP: 14/19 MP: 3/3
   532 | D:1      | Found a glowing golden altar of the Shining One.
   659 | D:1      | Reached skill level 1 in Armour
   746 | D:1      | Reached XP level 3. HP: 23/23 MP: 4/4
  1079 | D:2      | Noticed Natasha
  1085 | D:2      | Killed Natasha
  1086 | D:2      | Reached skill level 4 in Unarmed Combat
  1090 | D:2      | Reached XP level 4. HP: 21/28 MP: 5/5
  1422 | D:2      | Slain by a gnoll

Illustrated notes

Levels and vault maps discovered:
D:1:      nicolae_arrival_memento_mori, layout_basic, hex_large,
          minmay_misc_feat_doors, tso_metal_star
D:2:      layout_loops_corners, okawaru_altar_gauntlet_db, uniq_natasha

Skill      XL: |  1  2  3 |
---------------+----------+-----
Armour         | 1 |  1.6
Unarmed Combat | 4 |  4.3
Fighting       | |  3.4
Dodging        | |  3.8
Stealth        | |  2.0

Action                   |  1- 3 |  4- 6 || total
-------------------------+-------+-------++-------
Melee: Unarmed           |    62 |    20 ||    82
       Kick              |    12 |     4 ||    16
       Peck              |    10 |     2 ||    12
       Punch             |       |     1 ||     1
 Stab: Sleeping          |     5 |     2 ||     7
Armor: Robe              |    11 |     1 ||    12
Dodge: Dodged            |    35 |    15 ||    50

Table legend: (Time is in decaauts)
 A = Elapsed time spent in this place.
 B = Non-inter-level travel time spent in this place.
 C = Inter-level travel time spent in this place.
 D = Time resting spent in this place.
 E = Time spent auto-exploring this place.
 F = Levels seen in this place.
 G = Mean time per level.
                   A        B        C        D        E       F      G
               +--------+--------+--------+--------+--------+-----+--------+
         Total |   1416 |   1396 |     20 |      0 |   1210 |   2 |  708.0 |
       Dungeon |   1416 |   1396 |     20 |      0 |   1210 |   2 |  708.0 |
               +--------+--------+--------+--------+--------+-----+--------+

Top non-repeatable levels by time:
     D:1: 936 daAuts
     D:2: 479 daAuts
